 Dungeon Sprint DCSS version 0.28-a0-1236-gb25a51b929 (webtiles) character file.

Game seed: 10955827595771791523

665 rocky1 the Blocker (level 7, -1/50 HPs)
             Began as a Gargoyle Fighter on Dec 26, 2021.
             Was a Believer of Okawaru.
             Killed from afar by an acid dragon (29 damage)
             ... with a splash of acid
             ... in the Dungeon (Sprint VII: "The Pits").
             The game lasted 00:03:33 (862 turns).

rocky1 the Blocker (Gargoyle Fighter)                Turns: 862, Time: 00:03:34

Health: -1/50      AC: 12    Str: 19    XL:     7   Next: 57%
Magic:  9/11       EV: 13    Int:  9    God:    Okawaru [**....]
Gold:   0          SH:  7    Dex: 11    Spells: 6/6 levels left

rFire   . . .      SeeInvis .   n - +0 flail (protect)
rCold   . . .      Faith    .   c - +0 buckler
rNeg    + . .      Spirit   .   b - +0 scale mail
rPois   ∞          Reflect  .   (no helmet)
rElec   +          Harm     .   (no cloak)
rCorr   .          Rampage  .   (no gloves)
Will    .....      NoTele   +   (no boots)
Stlth   +.........              (no amulet)
HPRegen 0.16/turn               (no ring)
MPRegen 0.12/turn               (no ring)

@: heroic, corroded, under a protective aura
A: sickness immunity, AC +4, negative energy resistance 1, electricity
resistance, torment resistance 1, petrification resistance
a: Renounce Religion, Heroism


You were in the Dungeon.
You worshipped Okawaru.
Okawaru was pleased with you.
You visited 1 branch

Inventory:

Hand Weapons
 n - a +0 flail of protection (weapon)
Armour
 b - a +0 scale mail (worn)
 c - a +0 buckler (worn)
Scrolls
 j - a scroll of blinking
 l - 5 scrolls of amnesia
Potions
 d - a potion of might
 e - 6 potions of curing
 f - a potion of heal wounds
 h - 4 potions of magic
 i - a potion of berserk rage
 k - 2 potions of invisibility


   Skills:
 + Level 8.9(13.9) Fighting
 + Level 7.8(12.8) Maces & Flails
 + Level 6.6(11.6) Armour
 + Level 4.2(9.2) Dodging
 + Level 9.0(14.0) Shields
 + Level 5.6 Invocations


You had 6 spell levels left.
You didn't know any spells.
Your spell library was empty.

Dungeon Overview and Level Annotations

Branches:
Dungeon (1/1)

Altars:
Ashenzari
Cheibriados
Dithmenos
Elyvilon
Fedhas
Gozag
Hepliaklqana
Kikubaaqudgha
Makhleb
Nemelex Xobeh
Okawaru
Qazlal
Ru
Sif Muna
Trog
Uskayaw
Vehumet
Wu Jian
Xom
Yredelemnul
Zin
The Shining One
Beogh
Jiyva
Lugonu


Innate Abilities, Weirdness & Mutations

You are immune to sickness and miasma.
Your stone body is resilient. (AC +4)
You are immune to poison.
You resist negative energy. (rN+)
You are resistant to electric shocks. (rElec)
You are resistant to unholy torment.
You are immune to petrification.


Message History

You sock the black bear!
You kill the black bear!
Okawaru is honoured by your kill.
Your Dodging skill increases to level 4!
Your Shields skill increases to level 9!
There is an open door, spattered with blood here.
You see here a black bear corpse.
You open the door.
An acid dragon comes into view.
The acid dragon roars!
The acid dragon spits acid at you. The splash of acid hits you.
You block the acid dragon's attack. The acid dragon claws you.
There is an open door here.
You closely miss the acid dragon. The acid dragon closely misses you.
The acid dragon claws you.
You closely miss the acid dragon. The acid dragon spits acid at you.
The splash of acid hits you!!
Ouch! That really hurt!
* * * LOW HITPOINT WARNING * * *
The acid corrodes you!
You closely miss the acid dragon. The acid dragon bites you.
* * * LOW HITPOINT WARNING * * *
The acid dragon closely misses you.
You feel much better. The acid dragon spits acid at you.
The splash of acid hits you but does no damage.
The acid corrodes you!
You gain the combat prowess of a mighty hero.
The acid dragon misses you.
The acid dragon claws you but does no damage.
You hit the acid dragon but do no damage.
Your weapon exudes an aura of protection.
The acid dragon misses you. The acid dragon claws you.
You barely miss the acid dragon. The acid dragon spits acid at you.
The splash of acid hits you!!
Ouch! That really hurt!
You die...

#.#...)))[.##.......#
#)#...)))[.##.......#
#)###########.......#
#))#.#.## #########
#.......# ##.#.#.##
#.......#+#
##.#.#.##D+
#.......#@#
##.#.#..†.#
##########


You could see an acid dragon (catching breath).

Vanquished Creatures
  A fire bat (D)
  A warg (D)
  A black bear (D)
  A bullfrog (D)
  A gnoll sergeant (D)
  3 wights (D)
  4 gnolls (D)
  An ufetubus (D)
  A bat (D)
  An endoplasm (D)
  A hobgoblin (D)
  4 jackals (D)
  A quokka (D)
  A ball python (D)
  A frilled lizard (D)
  A jackal zombie (D)
  A quokka zombie (D)
25 creatures vanquished.

Notes
Turn   | Place    | Note
-------+----------+-------------------------------------------
     0 | D        | rocky1 the Gargoyle Fighter began the quest for the Orb.
     0 | D        | Reached XP level 1. HP: 14/14 MP: 1/1
   151 | D        | Found a bloodstained altar of Trog.
   151 | D        | Found a shimmering blue altar of Sif Muna.
   151 | D        | Found a viscous altar of Jiyva.
   151 | D        | Found a hazy altar of Hepliaklqana.
   151 | D        | Found an opulent altar of Gozag.
   152 | D        | Found a glowing golden altar of the Shining One.
   152 | D        | Found a glowing silver altar of Zin.
   152 | D        | Found a basalt altar of Yredelemnul.
   152 | D        | Found a shimmering altar of Xom.
   152 | D        | Found an ornate altar of the Wu Jian Council.
   152 | D        | Found a sacrificial altar of Ru.
   152 | D        | Found a stormy altar of Qazlal.
   152 | D        | Found an iron altar of Okawaru.
   152 | D        | Found a sparkling altar of Nemelex Xobeh.
   152 | D        | Found a burning altar of Makhleb.
   152 | D        | Found a blossoming altar of Fedhas.
   152 | D        | Found a white marble altar of Elyvilon.
   152 | D        | Found a shadowy altar of Dithmenos.
   152 | D        | Found a snail-covered altar of Cheibriados.
   154 | D        | Found a radiant altar of Vehumet.
   154 | D        | Found a corrupted altar of Lugonu.
   155 | D        | Found a hide-covered altar of Uskayaw.
   155 | D        | Found an ancient bone altar of Kikubaaqudgha.
   155 | D        | Found a broken altar of Ashenzari.
   202 | D        | Became a worshipper of Warmaster Okawaru
   225 | D        | Reached skill level 4 in Shields
   228 | D        | Reached XP level 2. HP: 20/20 MP: 2/2
   243 | D        | Noticed a bullfrog
   252 | D        | Killed a bullfrog
   253 | D        | Reached skill level 5 in Fighting
   253 | D        | Reached skill level 5 in Maces & Flails
   253 | D        | Reached skill level 6 in Shields
   253 | D        | Reached XP level 3. HP: 24/27 MP: 3/3
   253 | D        | Reached XP level 4. HP: 28/32 MP: 4/4
   517 | D        | Noticed a warg
   518 | D        | Noticed a gnoll sergeant
   521 | D        | Noticed a fire bat
   524 | D        | Reached XP level 5. HP: 37/37 MP: 5/5
   529 | D        | Killed a warg
   529 | D        | Reached * piety under Okawaru
   530 | D        | Reached skill level 7 in Shields
   530 | D        | Reached XP level 6. HP: 44/44 MP: 5/8
   548 | D        | HP: 2/44 [gnoll (4)]
   553 | D        | Reached skill level 5 in Armour
   560 | D        | Killed a fire bat
   560 | D        | Reached ** piety under Okawaru
   561 | D        | Reached skill level 8 in Shields
   561 | D        | Reached XP level 7. HP: 35/50 MP: 6/10
   570 | D        | Reached skill level 5 in Invocations
   852 | D        | Reached skill level 9 in Shields
   862 | D        | Killed from afar by an acid dragon

Illustrated notes

Levels and vault maps discovered:
D:        pitsprint [storerooms_1, entrance_room_1, metal_vault_7, armoury_3,
          mini_pit_1, grid_room_1, main_hall_1, silver_pit, the_coven_3,
          the_vestibule_1, steel_vault_2, golden_pit, hallway_of_sentries,
          crystal_vault_6, iron_vault_4, final_vault]

Skill      XL: |  1  2  3  4  5  6  7 |
---------------+----------------------+-----
Shields        | 4 6 7 8 9 |  9.0
Maces & Flails | 3 5 6 7 |  7.8
Fighting       | 5 6 7 8 |  8.9
Armour         | 4 5 6 |  6.6
Dodging        | 2 3 4 |  4.2
Invocations    | 3 4 5 |  5.6

Action                   |  1- 3 |  4- 6 |  7- 9 || total
-------------------------+-------+-------+-------++-------
Melee: Flail             |    26 |    34 |    39 ||    99
Invok: Heroism           |       |     1 |     1 ||     2
  Use: Potion            |     1 |     6 |     1 ||     8
       Scroll            |       |     1 |       ||     1
Armor: Scale mail        |    11 |    34 |    18 ||    63
Dodge: Dodged            |    14 |    21 |    25 ||    60
Block: Buckler           |     3 |    17 |    15 ||    35

Table legend: (Time is in decaauts)
 A = Elapsed time spent in this place.
 B = Non-inter-level travel time spent in this place.
 C = Inter-level travel time spent in this place.
 D = Time resting spent in this place.
 E = Time spent auto-exploring this place.
 F = Levels seen in this place.
 G = Mean time per level.
                   A        B        C        D        E       F      G
               +--------+--------+--------+--------+--------+-----+--------+
         Total |    858 |    849 |      9 |    579 |      0 |   1 |  858.0 |
       Dungeon |    858 |    849 |      9 |    579 |      0 |   1 |  858.0 |
               +--------+--------+--------+--------+--------+-----+--------+

Top non-repeatable levels by time:
       D: 858 daAuts
